 Dungeon Crawl Stone Soup version 0.27-a0-1182-gee19b5822f (webtiles) character file.

Game seed: 11061116906340254543

4207 vsdj the Geomancer (level 10, -8/50 HPs)
             Began as a Gargoyle Earth Elementalist on May 18, 2021.
             Was a Follower of Vehumet.
             Mangled by a two-headed ogre
             ... wielding a +0 giant club
              (13 damage)
             ... on level 8 of the Dungeon.
             The game lasted 00:24:45 (9532 turns).

vsdj the Geomancer (Gargoyle Earth Elementalist)    Turns: 9532, Time: 00:24:46

Health: -8/50      AC: 13    Str: 18    XL:     10   Next: 29%
Magic:  13/22      EV: 12    Int: 17    God:    Vehumet [*.....]
Gold:   982        SH:  0    Dex: 12    Spells: 14/25 levels left

rFire    . . .     SeeInvis +   i - +9 staff of Olgreb {rPois∞}
rCold    . . .     Faith    .   (no shield)
rNeg     + . .     Spirit   .   g - +1 robe of the Other World {Fly rPois}
rPois    ∞         Reflect  .   j - +0 hat
rElec    +         Harm     .   f - +1 cloak
rCorr    .         Rampage  .   (no gloves)
Will     .....     Clarity  +   k - +0 pair of boots
Stlth    ++........             (no amulet)
HPRegen  0.16/turn              e - +6 ring of strength
MPRegen  0.18/turn              d - ring of see invisible

@: flying
A: sickness immunity, AC +7, negative energy resistance 1, electricity
resistance, torment resistance 1, petrification resistance, talons 1, agile 1,
clarity, dopey 1
a: Renounce Religion


You were on level 8 of the Dungeon.
You worshipped Vehumet.
Vehumet was aware of your devotion.
You visited 2 branches of the dungeon, and saw 9 of its levels.

You collected 982 gold pieces.

Inventory:

Hand Weapons
 i - the +9 staff of Olgreb (weapon) {rPois∞}
   (You found it on level 7 of the Dungeon)

   It may poison the flesh of those it strikes, and is more effective with a
   high Evocations skill.
   It enhances your poison magic.
   It grants immunity to poison.
   It can be evoked to poison those around you for a time.
 l - a +3 quarterstaff of chaos
 r - a +0 great mace
 u - a +3 vampiric dire flail
Missiles
 b - 175 stones
 h - 3 curare-tipped darts
Armour
 f - a +1 cloak (worn)
 g - the +1 robe of the Other World (worn) {Fly rPois}
   (You took it off a kobold on level 4 of the Dungeon)

   It protects you from poison.
   It grants you flight.
 j - a +0 hat (worn)
 k - a +0 pair of boots (worn)
Jewellery
 d - a ring of see invisible (right hand)
 e - a +6 ring of strength (left hand)
Wands
 s - a wand of digging (3)
 t - a wand of polymorph (5)
Scrolls
 c - 2 scrolls of immolation
 p - 5 scrolls of teleportation
Potions
 a - 3 potions of curing
 m - a potion of haste
 o - 2 potions of attraction


   Skills:
 - Level 1.5 Dodging
 - Level 2.1 Stealth
 + Level 8.1 Spellcasting
 + Level 8.9 Conjurations
 - Level 0.7 Transmutations
 + Level 10.8 Earth Magic


You had 14 spell levels left.
You knew the following spells:

 Your Spells              Type           Power      Damage    Failure   Level
a - Sandblast             Erth           86%        2d18      1%          1
b - Stone Arrow           Conj/Erth      80%        3d12      1%          3
c - Lee's Rapid Deconstr  Erth           21%        3d13*     3%          5
d - Passwall              Tmut/Erth      21%        N/A       1%          2

Your spell library contained the following spells:

 Spells                   Type           Power      Damage    Failure   Level
 Freeze                   Ice            24%        1d5       11%         1
 Petrify                  Tmut/Erth      26%        N/A       10%         4
 Summon Small Mammal      Summ           24%        N/A       11%         1
 Call Imp                 Summ           6%         N/A       16%         2
 Call Canine Familiar     Summ           6%         N/A       30%         3
 Summon Guardian Golem    Hex/Summ       6%         N/A       30%         3
 Summon Ice Beast         Ice/Summ       6%         N/A       71%         4
 Summon Lightning Spire   Summ/Air       6%         N/A       71%         4


Dungeon Overview and Level Annotations

Branches:
Dungeon (8/15)             Temple (1/1) D:6
   Lair: D:8-11

Altars:
Cheibriados
Dithmenos
Fedhas
Gozag
Kikubaaqudgha
Makhleb
Okawaru
Qazlal
Ru
Sif Muna
Trog
Uskayaw
Vehumet
Wu Jian
Xom
Yredelemnul
Zin

Shops:
D:7 (   D:8 *

Portals:
Abyss: D:4

Annotations:
D:4 2 transporters, Scypier's ghost, novice HOMo
D:7 1 runed translucent door
D:8 1 transporter


Innate Abilities, Weirdness & Mutations

You are immune to sickness and miasma.
Your stone body is resilient. (AC +7)
You are immune to poison.
You resist negative energy. (rN+)
You are resistant to electric shocks. (rElec)
You are resistant to unholy torment.
You are immune to petrification.
You have sharp toenails.
You are agile. (Dex +2)
You possess an exceptional clarity of mind.
You are dopey. (Int -2)


Message History

Unknown command.
Unknown command.
What are your orders? t - Shout!
Orders for allies: a - Attack new target. r - Retreat! s - Stop attacking. g - Guard the area. f - Follow me.
Anything else - Cancel.
You shout for attention!
The two-headed ogre shouts in stereo!
The acid dragon roars!
The acid dragon spits acid at you. The splash of acid hits you.
You are splashed with acid!
Found Reackol's General Store.
Casting: Sandblast (safe; 1% risk of failure)
Confirm with . or Enter, or press ? or * to list all spells.
Aiming: Stone Arrow (safe; 1% risk of failure)
Press: ? - help, Shift-Dir - straight line, f - two-headed ogre
Aim: a two-headed ogre, wielding two +0 giant clubs (89% to hit)
The stone arrow hits the two-headed ogre!
The two-headed ogre is moderately wounded.
Unknown command.
Casting: Stone Arrow (safe; 1% risk of failure)
Confirm with . or Enter, or press ? or * to list all spells.
Aiming: Stone Arrow (safe; 1% risk of failure)
Press: ? - help, Shift-Dir - straight line, f/p - two-headed ogre
Aim: a two-headed ogre, wielding two +0 giant clubs (moderately wounded, 89% to hit)
The stone arrow hits the two-headed ogre!
The two-headed ogre is heavily wounded.
The two-headed ogre hits you with a +0 giant club!!
The two-headed ogre hits you with a +0 giant club!
* * * LOW HITPOINT WARNING * * *
Casting: Stone Arrow (safe; 1% risk of failure)
Confirm with . or Enter, or press ? or * to list all spells.
Aiming: Stone Arrow (safe; 1% risk of failure)
Press: ? - help, Shift-Dir - straight line, f/p - two-headed ogre
Aim: a two-headed ogre, wielding two +0 giant clubs (heavily wounded, 89% to hit)
The stone arrow hits the two-headed ogre!!
The two-headed ogre is severely wounded.
The two-headed ogre hits you with a +0 giant club!
You die...

.###.###.........
#.....######8.8.8
###.### #.⌠.⌠ ##.##
#8.∩. ##...#######.⌠.
###...........8.8
.........#######.#######
####....................
##...###.####@##
#.<###...###O#
#..#...©...#.#
#....#####...##
#..###..y###.D# ..
#..... ##.## . ###...
#..# #.### ##....... $(
.......


You could see a two-headed ogre and an acid dragon.

Vanquished Creatures
  A two-headed ogre (D:8)
  2 redbacks (D:7)
  Edmund (D:6)
  Menkaure (D:6)
  3 water moccasins (D:7)
  An ice beast (D:5)
  A sky beast (D:7)
  An ogre (D:5)
  A necrophage (D:6)
  A phantom (D:5)
  2 bullfrogs
  A kobold brigand (D:7)
  14 scorpions
  3 water moccasin zombies
  A water moccasin skeleton (D:4)
  12 killer bees
  2 centaur zombies
  A hound (D:6)
  2 jellies
  A centaur skeleton (D:7)
  An iguana (D:7)
  Crazy Yiuf (D:3)
  A bullfrog skeleton (D:5)
  2 orc wizards
  A killer bee zombie (D:7)
  A hound zombie (D:5)
  A hound skeleton (D:4)
  9 adders
  A shadow imp (D:5)
  A white imp (D:7)
  An ufetubus (D:5)
  A worm (D:6)
  A dart slug (D:2)
  8 orcs
  8 endoplasms
  3 giant cockroaches
  7 goblins
  7 hobgoblins
  8 jackals
  16 kobolds
  A quokka (D:3)
  2 ball pythons
  10 bats
  3 frilled lizards (D:2)
  A quokka skeleton (D:4)
  3 rats
151 creatures vanquished.

Vanquished Creatures (others)
  A plant (D:6)
1 creature vanquished.

Grand Total: 152 creatures vanquished

Notes
Turn   | Place    | Note
-------+----------+-------------------------------------------
     0 | D:1      | vsdj the Gargoyle Earth Elementalist began the quest for
                  | the Orb.
     0 | D:1      | Reached XP level 1. HP: 10/10 MP: 3/3
   180 | D:1      | Reached XP level 2. HP: 6/15 MP: 3/5
   353 | D:1      | Reached skill level 4 in Earth Magic
   860 | D:1      | Found a faded altar of an unknown god.
  1618 | D:2      | Reached XP level 3. HP: 17/19 MP: 6/6
  2117 | D:2      | Found a glowing silver altar of Zin.
  2157 | D:2      | Learned a level 3 spell: Stone Arrow
  2502 | D:2      | Reached XP level 4. HP: 24/24 MP: 5/8
  2854 | D:3      | Reached skill level 1 in Conjurations
  3278 | D:3      | Reached skill level 5 in Earth Magic
  3280 | D:3      | Reached XP level 5. HP: 10/28 MP: 0/9
  3536 | D:3      | Learned a level 5 spell: Lee's Rapid Deconstruction
  4078 | D:3      | Found a runed translucent door.
  4082 | D:3      | Learned a level 2 spell: Passwall
  4082 | D:3      | Noticed Crazy Yiuf
  4147 | D:3      | Killed Crazy Yiuf
  4388 | D:4      | Identified a scroll of acquirement
  4388 | D:4      | Acquired 713 gold pieces
  4454 | D:4      | Reached XP level 6. HP: 32/32 MP: 6/11
  4492 | D:4      | Found a transporter.
  4656 | D:4      | Found a bloodstained altar of Trog.
  4658 | D:4      | Found a sacrificial altar of Ru.
  4674 | D:4      | Identified the +1 robe of the Other World {Fly rPois}
  4701 | D:4      | Found a shimmering blue altar of Sif Muna.
  4753 | D:4      | Reached skill level 6 in Earth Magic
  5052 | D:4      | Found a transporter.
  5052 | D:4      | Noticed an ancient zyme
  5269 | D:4      | Found an ancient bone altar of Kikubaaqudgha.
  5389 | D:4      | Found a stormy altar of Qazlal.
  5507 | D:4      | Found a one-way gate to the infinite horrors of the Abyss.
  5507 | D:4      | Noticed Scypier's ghost (novice HOMo)
  5576 | D:5      | Entered Level 5 of the Dungeon
  5592 | D:5      | Noticed an ice beast
  5654 | D:5      | Reached XP level 7. HP: 29/36 MP: 6/13
  5941 | D:5      | Found an opulent altar of Gozag.
  5997 | D:5      | Reached skill level 7 in Earth Magic
  6477 | D:5      | Reached skill level 5 in Spellcasting
  6617 | D:6      | Noticed Menkaure
  6628 | D:6      | Reached XP level 8. HP: 29/41 MP: 7/15
  6630 | D:6      | Reached skill level 5 in Conjurations
  6722 | D:6      | Killed Menkaure
  6797 | D:6      | Found a staircase to the Ecumenical Temple.
  6809 | Temple   | Entered the Ecumenical Temple
  6859 | Temple   | Became a worshipper of Vehumet
  7025 | D:6      | Reached skill level 8 in Earth Magic
  7103 | D:6      | Found a snail-covered altar of Cheibriados.
  7387 | D:6      | Noticed Edmund
  7514 | D:6      | Killed Edmund
  7797 | D:7      | Found the +9 staff of Olgreb {rPois∞}
  7817 | D:7      | Found a runed translucent door.
  7823 | D:7      | Gained mutation: You have sharp toenails. [potion of
                  | mutation]
  7823 | D:7      | Gained mutation: You are agile. (Dex +2) [potion of
                  | mutation]
  7823 | D:7      | Gained mutation: You are dopey. (Int -2) [potion of
                  | mutation]
  7823 | D:7      | Gained mutation: You possess an exceptional clarity of
                  | mind. [potion of mutation]
  7910 | D:7      | Noticed a redback
  7911 | D:7      | Found a runed translucent gate.
  7911 | D:7      | Found a runed translucent gate.
  7911 | D:7      | Noticed a redback
  7912 | D:7      | Found a runed translucent door.
  8068 | D:7      | Found a runed translucent gate.
  8125 | D:7      | Found Fololida's Antique Weapon Emporium.
  8234 | D:7      | Reached XP level 9. HP: 25/45 MP: 18/18
  8467 | D:7      | Reached skill level 9 in Earth Magic
  8886 | D:7      | Reached * piety under Vehumet
  8886 | D:7      | Offered knowledge of Freeze by Vehumet.
  8892 | D:7      | Reached skill level 10 in Earth Magic
  9030 | D:7      | Reached XP level 10. HP: 40/50 MP: 11/21
  9210 | D:8      | Noticed a two-headed ogre
  9215 | D:8      | Killed a two-headed ogre
  9510 | D:8      | Found a transporter.
  9510 | D:8      | Noticed a moth of wrath
  9514 | D:8      | Found a bloodstained altar of Trog.
  9522 | D:8      | Noticed a two-headed ogre
  9527 | D:8      | Found Reackol's General Store.
  9532 | D:8      | Mangled by a two-headed ogre

Illustrated notes

Levels and vault maps discovered:
D:1:      evilmike_arrival_hilbert_curve, layout_basic, basic_ecumenical_altar
D:2:      layout_loops_cross, serial_aquarium, aquarium_bridge_straight
          [aquarium_subvault_bridge, aquarium_subvault_window,
          aquarium_subvault_bridge, aquarium_subvault_balcony],
          aquarium_window_fake, aquarium_window_fake, aquarium_view_2f,
          basic_altar
D:3:      layout_basic, minivault_25, due_unseen_surprise,
          uniq_crazy_yiuf_cottage
D:4:      layout_basic, marbit_many_paths, lemuel_tele_altar,
          nicolae_overflow_crystal_walls,
          chequers_temple_overflow_statue_of_worship,
          gammafunk_ghost_abyssal_escape, minmay_misc_feat_chi,
          kennysheep_generic_room_5
D:5:      layout_layer_cave, grunt_gozag_breadcrumbs
D:6:      layout_rooms, cheibrodos_worm_habitat, minmay_temple_entry_glass,
          serial_bayou_pond_a, uniq_menkaure, uniq_edmund
D:7:      layout_loops_ring, serial_shops,
          nicolae_shop_temple_entry_statues_fountains,
          minmay_misc_feat_nine_boxes, minmay_guarded_unrand_staff_of_olgreb
D:8:      layout_loops_ring, serial_shops, shop,
          nicolae_shop_temple_entry_statues_fountains,
          gammafunk_ghost_wrathful_warriors
Temple:   regret_index_temple_waves

Skill      XL: |  1  2  3  4  5  6  7  8  9 10 |
---------------+-------------------------------+-----
Earth Magic    | 4 5 6 7 8 10 | 10.8
Spellcasting   | 3 4 5 6 7 8 |  8.1
Conjurations   | 1 2 3 4 6 8 |  8.9
Dodging        | |  1.5
Stealth        | |  2.1
Transmutations | |  0.7

Action                   |  1- 3 |  4- 6 |  7- 9 | 10-12 || total
-------------------------+-------+-------+-------+-------++-------
Melee: Unarmed           |     4 |       |       |       ||     4
       Whip              |   101 |       |       |       ||   101
       Mace              |     1 |   112 |       |       ||   113
       Falchion          |       |    12 |    93 |       ||   105
       Dire flail        |       |       |    74 |       ||    74
       Staff             |       |       |       |    13 ||    13
 Cast: Sandblast         |    30 |    48 |    32 |     4 ||   114
       Passwall          |       |     2 |       |       ||     2
       Stone Arrow       |       |       |     8 |     5 ||    13
       Lee's Rapid Decon |       |       |     6 |     1 ||     7
  Use: Potion            |       |     1 |     2 |       ||     3
       Scroll            |       |    10 |     3 |     2 ||    15
 Stab: Sleeping          |     3 |     3 |     1 |       ||     7
Armor: Robe              |    43 |    85 |   109 |    14 ||   251
       Skin              |       |    97 |       |       ||    97
Dodge: Dodged            |    96 |   103 |   130 |    13 ||   342
       Rpst.: Falchion   |       |     2 |    30 |       ||    32

Table legend: (Time is in decaauts)
 A = Elapsed time spent in this place.
 B = Non-inter-level travel time spent in this place.
 C = Inter-level travel time spent in this place.
 D = Time resting spent in this place.
 E = Time spent auto-exploring this place.
 F = Levels seen in this place.
 G = Mean time per level.
                   A        B        C        D        E       F      G
               +--------+--------+--------+--------+--------+-----+--------+
         Total |   9643 |   9311 |    332 |   1097 |   6716 |   9 | 1071.4 |
       Dungeon |   9571 |   9260 |    311 |   1097 |   6681 |   8 | 1196.4 |
        Temple |     71 |     50 |     21 |      0 |     35 |   1 |   71.0 |
               +--------+--------+--------+--------+--------+-----+--------+

Top non-repeatable levels by time:
     D:3: 1658 daAuts
     D:7: 1489 daAuts
     D:2: 1483 daAuts
     D:1: 1328 daAuts
     D:4: 1291 daAuts
     D:6: 1003 daAuts
     D:5: 978 daAuts
     D:8: 338 daAuts
  Temple: 71 daAuts
